 Dungeon Crawl Stone Soup version 0.27.1-33-g824d729ab1 (webtiles) character file.

Game seed: 5892247731975914673

46 Domzy the Chopper (level 3, -2/23 HPs)
             Began as a Gargoyle Berserker on Dec 10, 2021.
             Was a Follower of Trog.
             Slain by a kobold (3 damage)
             ... on level 1 of the Dungeon.
             The game lasted 00:05:57 (1156 turns).

Domzy the Chopper (Gargoyle Berserker)              Turns: 1156, Time: 00:05:58

Health: -2/23      AC: 12    Str: 21    XL:     3   Next: 68%
Magic:  3/3        EV:  8    Int:  7    God:    Trog [*.....]
Gold:   11         SH:  0    Dex:  9    Spells: 2/2 levels left

rFire    . . .     SeeInvis .   a - +0 hand axe
rCold    . . .     Faith    .   (no shield)
rNeg     + . .     Spirit   .   f - +0 chain mail
rPois    ∞         Reflect  .   (no helmet)
rElec    +         Harm     .   (no cloak)
rCorr    .         Rampage  .   (no gloves)
Will     .....                  (no boots)
Stlth    ..........             (no amulet)
HPRegen  0.07/turn              (no ring)
MPRegen  0.08/turn              (no ring)

@: no status effects
A: sickness immunity, AC +3, negative energy resistance 1, electricity
resistance, torment resistance 1, petrification resistance
a: Renounce Religion, Berserk


You were on level 1 of the Dungeon.
You worshipped Trog.
Trog was aware of your devotion.
You visited 1 branch of the dungeon, and saw 2 of its levels.

You collected 11 gold pieces.

Inventory:

Hand Weapons
 a - a +0 hand axe (weapon)
 b - a +1 vorpal mace
Armour
 f - a +0 chain mail (worn)
Scrolls
 c - a scroll of vulnerability {unknown}
 d - 4 scrolls of identify {unknown}
Potions
 e - a potion of magic {unknown}


   Skills:
 - Level 3.6 Fighting
 + Level 3.7 Axes
 - Level 2.4 Armour
 - Level 1.7 Dodging


You had 2 spell levels left.
You didn't know any spells.
Your spell library was empty.

Dungeon Overview and Level Annotations

Branches:
Dungeon (2/15)

Altars:


Innate Abilities, Weirdness & Mutations

You are immune to sickness and miasma.
Your stone body is resilient. (AC +3)
You are immune to poison.
You resist negative energy. (rN+)
You are resistant to electric shocks. (rElec)
You are resistant to unholy torment.
You are immune to petrification.


Message History

There is a stone staircase leading down here.
You climb downwards.
The frilled lizard hisses angrily.
There is a stone staircase leading up here.
A kobold comes into view. It is wielding a +0 dagger.
The kobold shouts!
The frilled lizard bites you but does no damage.
A goblin comes into view. It is wielding a +0 club.
The goblin shouts!
You slash the frilled lizard!
You kill the frilled lizard!
Trog accepts your kill.
You hear an angry hiss.
You barely miss the kobold. The kobold barely misses you.
You closely miss the kobold. The kobold barely misses you.
The kobold hits you but does no damage.
You closely miss the kobold. The kobold barely misses you.
You barely miss the kobold. The kobold hits you but does no damage.
You barely miss the kobold. The kobold hits you but does no damage.
You closely miss the kobold. You hit the gnoll.
The gnoll hits you with a +0 flail. The kobold hits you but does no damage.
The gnoll hits you with a +0 flail!
You are a level 3 Gargoyle Berserker.
You are 68% of the way to level 4.
Play time: 00:05:50 (1152 turns).
Zot will find you in 10832 turns if you stay in this branch and explore no new floors.
The kobold hits you but does no damage. The gnoll barely misses you.
The gnoll shouts!
The gnoll hits you with a +0 flail.
* * * LOW HITPOINT WARNING * * *
There is a stone staircase leading up here.
The kobold hits you with a +0 dagger.
* * * LOW HITPOINT WARNING * * *
The gnoll hits you with a +0 flail.
* * * LOW HITPOINT WARNING * * *
You climb upwards.
There is a stone staircase leading down here.
You hit the kobold.
The kobold is heavily wounded.
You hit the gnoll. The kobold hits you with a +0 dagger.
You die...

#....................
#....................
#####.............###
##............#....
#..............#..#
#................##
#......).........##
#................##
#.@............#..#
##Kg..........##...
#...........###...
#..##...###.# ##..
#######.##.### #.#
##. #..........# #.#
#. #..........# #.#
## #....).....# #.# #
#.........## #.#


You could see a gnoll and a kobold.

Vanquished Creatures
  2 adders
  A worm (D:2)
  2 ball pythons (D:1)
  4 endoplasms (D:1)
  A giant cockroach (D:1)
  A goblin (D:1)
  3 hobgoblins
  A quokka (D:1)
  A bat (D:2)
  A frilled lizard (D:2)
  4 kobolds (D:1)
  3 rats (D:1)
24 creatures vanquished.

Notes
Turn   | Place    | Note
-------+----------+-------------------------------------------
     0 | D:1      | Domzy the Gargoyle Berserker began the quest for the Orb.
     0 | D:1      | Reached XP level 1. HP: 14/14 MP: 1/1
   167 | D:1      | Reached XP level 2. HP: 19/19 MP: 2/2
   652 | D:2      | Reached XP level 3. HP: 23/23 MP: 3/3
  1154 | D:2      | HP: 1/23 [gnoll (2)]
  1156 | D:1      | Slain by a kobold

Illustrated notes

Levels and vault maps discovered:
D:1:      amcnicky_arrival_flooded_fountain, layout_rooms, nrook_campfire
D:2:      layout_rooms, basic_altar, minmay_shallow_snake_nest

Skill      XL: |  1  2 |
---------------+-------+-----
Axes           | 3 |  3.7
Fighting       | |  3.6
Armour         | |  2.4
Dodging        | |  1.7

Action                   || total
-------------------------++-------
Melee: Hand axe          ||    79
Armor: Animal skin       ||    14
       Chain mail        ||    34
Dodge: Dodged            ||    37
